 Dungeon Sprint DCSS version 0.24.0-41-g2ae2f7f1be (webtiles) character file.

Game seed: 2804419524447163241, levelgen mode: deterministic

51099 McKennaii the Demonic Blade (level 14, -10/131 HPs)
             Began as a Demonspawn Fighter on Dec 9, 2019.
             Was the Champion of Makhleb.
             Killed from afar by an ice dragon (67 damage)
             ... with a blast of cold
             ... in the Dungeon (Sprint IX: "|||||||||||||||||||||||||||||").
             The game lasted 00:24:31 (3579 turns).

McKennaii the Demonic Blade (Demonspawn Fighter)    Turns: 3579, Time: 00:24:31

Health: -10/131    AC: 33    Str: 22    XL:     14   Next: 22%
Magic:  26/26      EV:  9    Int:  9    God:    Makhleb [******]
Gold:   450        SH: 14    Dex: 13    Spells: 13/13 levels left

rFire    + . .     SeeInvis .   q - +1 double sword of Equilibrium {speed, MR+ MP+9}
rCold    x . .     Gourm    .   c - +0 shield
rNeg     . . .     Faith    .   d - +3 plate armour
rPois    .         Spirit   .   x - +0 helmet
rElec    .         Reflect  .   y - +0 cloak
rCorr    .         Harm     .   H - +1 pair of gloves
MR       +++..     NoTele   +   (boots unavailable)
Stlth    ..........             (no amulet)
HPRegen  0.31/turn              z - ring of protection from magic
MPRegen  0.20/turn              b - ring of fire

@: sanguine armour
A: hooves 3, powered by death 1, spiny 2, sanguine armour 2
a: Minor Destruction, Lesser Servant of Makhleb, Major Destruction, Greater
Servant of Makhleb, Renounce Religion


You were in the Dungeon.
You worshipped Makhleb.
Makhleb was exalted by your worship.
You were hungry.

You visited 1 branch You collected 1892 gold pieces.
You spent 1442 gold pieces at shops.

Inventory:

Hand Weapons
 o - a +3 scimitar of flaming
 p - the +2 scimitar of Dyiptiuret {elec, rF+}
   (You found it in the Dungeon)

   Occasionally, upon striking a foe, it will discharge some electrical energy
   and cause terrible harm.
   It protects you from fire.
 q - the +1 double sword of Equilibrium (weapon) {speed, MR+ MP+9}
   (You bought it in a shop in the Dungeon)

   Attacks with this weapon are significantly faster.
   It affects your resistance to hostile enchantments.
   It affects your magic capacity (+9).
Armour
 c - a +0 shield (worn)
 d - a +3 plate armour (worn)
 x - a +0 helmet (worn)
 y - a +0 cloak (worn)
 G - a +1 pair of boots of stealth
 H - a +1 pair of gloves (worn)
Jewellery
 b - a ring of fire (right hand)
 r - a +2 ring of protection
 z - a ring of protection from magic (left hand)
 E - an uncursed ring of ice
 F - an uncursed ring of protection from magic
Wands
 I - a wand of digging (6)
Scrolls
 k - 5 scrolls of blinking
 m - 2 scrolls of remove curse
 n - 2 scrolls of amnesia
 t - 2 scrolls of identify
 u - 2 scrolls of fog
 v - 4 scrolls of enchant weapon
 w - 2 scrolls of enchant armour
Potions
 a - a potion of resistance
 e - 8 potions of curing
 g - 8 potions of heal wounds
 h - a potion of haste
 i - 4 potions of magic
 j - 4 potions of mutation
 l - 2 potions of invisibility
 s - 2 potions of brilliance
 A - a potion of degeneration
 B - 3 potions of agility
 D - a potion of cancellation
Comestibles
 f - 11 rations


   Skills:
 + Level 18.4 Fighting
 * Level 22.9 Long Blades
 + Level 13.5 Armour
 + Level 4.4 Dodging
 + Level 0.1 Stealth
 + Level 15.1 Shields
 + Level 4.1 Invocations
 + Level 1.3 Evocations


You had 13 spell levels left.
You didn't know any spells.
Your spell library was empty.

Dungeon Overview and Level Annotations

Branches:
Dungeon (1/1)

Altars:
Cheibriados
Dithmenos
Elyvilon
Fedhas
Gozag
Hepliaklqana
Kikubaaqudgha
Makhleb
Nemelex Xobeh
Okawaru
Qazlal
Ru
Sif Muna
Trog
Uskayaw
Vehumet
Wu Jian
Xom
Yredelemnul
Zin
The Shining One
Beogh
Jiyva
Lugonu

Shops:
D (%!!


Innate Abilities, Weirdness & Mutations

You have hooves in place of feet.
You regenerate a little health from kills.
You are mostly covered in sharp spines.
When seriously injured, your bleeding wounds create thick armour. (AC +9)


Message History

The ice dragon claws you but does no damage.
The ice dragon tramples you but does no damage.
You are feeling hungry.
You hit the ice dragon but do no damage.
You kick the ice dragon, but do no damage.
The ice dragon is lightly wounded.
Unknown command.
You slash the ice dragon! You kick the ice dragon!
The ice dragon is heavily wounded.
The ice dragon breathes frost at you. The blast of cold hits you!!!
You feel a terrible chill!
* * * LOW HITPOINT WARNING * * *
Unknown command.
You feel much better. You block the ice dragon's attack.
The ice dragon closely misses you. You block the ice dragon's attack.
You feel much better. The ice dragon breathes frost at you.
The blast of cold hits you!!!
You feel a terrible chill!
Ouch! That really hurt!
You die...

††.....[.[[[[[[.))))))))....='...
▓▓▓▓▓▓▓▓▓▓▓▓▓▓▓▓▓▓▓▓▓▓▓▓▓▓▓▓▓▓▓▓▓
............)....................
♣♣♣♣▓▓▓▓▓▓▓▓▓▓▓▓▓▓▓▓▓▓▓▓▓▓▓▓▓▓▓▓▓
[†.†......○○†'.......†))†....((..
♣♣♣♣▓▓▓▓▓▓▓▓▓▓▓▓▓▓▓▓▓▓▓▓▓▓▓▓▓▓▓▓▓
.................................
▓▓▓▓▓▓▓▓▓▓▓▓▓▓▓▓▓▓▓▓▓▓▓▓▓▓▓▓▓▓▓▓▓
......CuD@[))()(..........
▓▓▓▓▓▓▓▓▓▓▓▓▓▓▓▓▓▓▓▓▓▓▓▓▓▓


You could see an ice dragon, a stone giant and a white ugly thing.

Vanquished Creatures
  Saint Roka (D)
  A thorn hunter (D)
  A fire giant (D)
  A frost giant (D)
  Aizul (D)
  2 very ugly things (D)
  2 vampire knights (D)
  2 stone giants (D)
  Azrael (D)
  2 merfolk javelineers (D)
  3 fire dragons (D)
  3 yaktaur captains (D)
  An ice dragon (D)
  A hydra (D)
  A shambling mangrove (D)
  A ghost crab (D)
  A merfolk avatar (D)
  An anaconda (D)
  An ogre mage (D)
  A deep troll shaman (D)
  2 tengu warriors (D)
  A vampire mage (D)
  A naga sharpshooter (D)
  An orc high priest (D)
  4 sea snakes (D)
  An unseen horror (D)
  8 orc knights (D)
  2 lindwurms (D)
  4 wolf spiders (D)
  2 orb spiders (D)
  2 orc sorcerers (D)
  2 slime creatures (D)
  A salamander (D)
  4 manticores (D)
  A water nymph (D)
  5 black mambas (D)
  Maurice (D)
  5 spiny frogs (D)
  2 naga magi (D)
  A kobold demonologist (D)
  A demonic crawler (D)
  A komodo dragon (D)
  2 trolls (D)
  3 tyrant leeches (D)
  A polar bear (D)
  2 hippogriffs (D)
  A redback (D)
  A tarantella (D)
  3 fire elementals (D)
  A wyvern (D)
  Eustachio (D)
  2 yaks (D)
  2 vampire mosquitoes (D)
  2 hell hounds (D)
  A swamp drake (D)
  17 orc warriors (D)
  A wolf (D)
  An ogre (D)
  4 crocodiles (D)
  2 bullfrogs (D)
  A quasit (D)
  A jelly (D)
  4 orc priests (D)
  2 orc wizards (D)
  An adder (D)
  3 worms (D)
  2 leopard geckos (D)
  12 orcs (D)
  A bat (D)
  A giant cockroach (D)
  A giant cockroach zombie (D)
  2 kobolds (D)
  A leopard gecko skeleton (D)
  A quokka zombie (D)
  A rat (D)
161 creatures vanquished.

Vanquished Creatures (others)
  4 alligators (D)
  A vampire mage (D)
  A swamp dragon (D)
  2 briar patches (D)
8 creatures vanquished.

Grand Total: 169 creatures vanquished

Notes
Turn   | Place    | Note
-------+----------+-------------------------------------------
     0 | D        | McKennaii the Demonspawn Fighter began the quest for the
                  | Orb.
     0 | D        | Reached XP level 1. HP: 18/18 MP: 1/1
    10 | D        | Reached skill level 2 in Long Blades
    96 | D        | Noticed a jelly
   106 | D        | Gained mutation: You are partially covered in sharp spines.
                  | [demonic ancestry]
   106 | D        | Reached XP level 2. HP: 24/25 MP: 2/2
   109 | D        | Reached skill level 3 in Long Blades
   109 | D        | Gained mutation: When seriously injured, your bleeding
                  | wounds create armour. (AC +9) [demonic ancestry]
   109 | D        | Reached XP level 3. HP: 20/31 MP: 3/3
   110 | D        | Reached skill level 4 in Long Blades
   219 | D        | Found a roughly hewn altar of Beogh.
   219 | D        | Found a snail-covered altar of Cheibriados.
   219 | D        | Found a shadowy altar of Dithmenos.
   219 | D        | Found a white marble altar of Elyvilon.
   219 | D        | Found a blossoming altar of Fedhas.
   219 | D        | Found an opulent altar of Gozag.
   220 | D        | Found a hazy altar of Hepliaklqana.
   221 | D        | Found a viscous altar of Jiyva.
   222 | D        | Found an ancient bone altar of Kikubaaqudgha.
   223 | D        | Found a corrupted altar of Lugonu.
   224 | D        | Found a burning altar of Makhleb.
   225 | D        | Found a sparkling altar of Nemelex Xobeh.
   226 | D        | Found an iron altar of Okawaru.
   227 | D        | Found a stormy altar of Qazlal.
   228 | D        | Found a sacrificial altar of Ru.
   229 | D        | Found a shimmering blue altar of Sif Muna.
   230 | D        | Found a bloodstained altar of Trog.
   231 | D        | Found a hide-covered altar of Uskayaw.
   232 | D        | Became a worshipper of Makhleb the Destroyer
   233 | D        | Found a radiant altar of Vehumet.
   234 | D        | Found an ornate altar of the Wu Jian Council.
   235 | D        | Found a shimmering altar of Xom.
   236 | D        | Found a basalt altar of Yredelemnul.
   237 | D        | Found a glowing silver altar of Zin.
   238 | D        | Found a glowing golden altar of the Shining One.
   255 | D        | Got the +2 scimitar of Dyiptiuret {elec, rF+}
   287 | D        | Noticed a yak
   291 | D        | Gained mutation: You are mostly covered in sharp spines.
                  | [demonic ancestry]
   291 | D        | Reached XP level 4. HP: 38/38 MP: 4/4
   302 | D        | Killed an unseen horror
   302 | D        | Reached * piety under Makhleb
   302 | D        | Reached skill level 9 in Long Blades
   302 | D        | Reached XP level 5. HP: 25/48 MP: 5/5
   302 | D        | Gained mutation: You regenerate a little health from kills.
                  | [demonic ancestry]
   302 | D        | Reached XP level 6. HP: 29/55 MP: 6/6
   302 | D        | Reached XP level 7. HP: 31/60 MP: 7/7
   310 | D        | Killed a yak
   310 | D        | Reached skill level 10 in Long Blades
   313 | D        | Reached ** piety under Makhleb
   372 | D        | Noticed a troll
   372 | D        | Noticed a manticore
   372 | D        | Noticed a manticore
   372 | D        | Noticed a kobold demonologist
   373 | D        | Noticed a smoke demon
   383 | D        | Noticed a hellwing
   385 | D        | Killed a kobold demonologist
   385 | D        | Reached skill level 11 in Long Blades
   385 | D        | Reached XP level 8. HP: 68/68 MP: 8/8
   394 | D        | Killed a manticore
   394 | D        | Reached *** piety under Makhleb
   394 | D        | Reached skill level 12 in Long Blades
   394 | D        | Reached skill level 1 in Dodging
   399 | D        | Killed a manticore
   402 | D        | Killed a troll
   402 | D        | Reached skill level 13 in Long Blades
   402 | D        | Gained mutation: When seriously injured, your bleeding
                  | wounds create thick armour. (AC +9) [demonic ancestry]
   402 | D        | Reached XP level 9. HP: 70/75 MP: 9/9
   526 | D        | Noticed a spiny frog
   526 | D        | Noticed a spiny frog
   529 | D        | Killed a spiny frog
   529 | D        | Noticed a spiny frog
   532 | D        | Reached **** piety under Makhleb
   533 | D        | Noticed a spiny frog
   538 | D        | Reached skill level 14 in Long Blades
   542 | D        | Killed a spiny frog
   549 | D        | Killed a spiny frog
   549 | D        | Reached ***** piety under Makhleb
   556 | D        | Killed a spiny frog
   556 | D        | Reached skill level 10 in Fighting
   556 | D        | Reached skill level 15 in Long Blades
   659 | D        | Noticed a komodo dragon
   659 | D        | Noticed a spiny frog
   663 | D        | Noticed a black mamba
   667 | D        | Gained mutation: You have large cloven feet. [demonic
                  | ancestry]
   667 | D        | Reached XP level 10. HP: 84/85 MP: 10/10
   672 | D        | Killed a spiny frog
   690 | D        | Killed a black mamba
   690 | D        | Reached ****** piety under Makhleb
   856 | D        | Noticed a lindwurm
   856 | D        | Noticed a lindwurm
   860 | D        | Killed a lindwurm
   860 | D        | Reached skill level 16 in Long Blades
   874 | D        | Killed a lindwurm
   889 | D        | Reached skill level 10 in Shields
   968 | D        | Noticed Eustachio
   977 | D        | Killed Eustachio
  1036 | D        | Noticed an orc knight
  1045 | D        | Noticed an orc sorcerer
  1048 | D        | Killed an orc knight
  1049 | D        | Noticed a smoke demon
  1053 | D        | Killed an orc sorcerer
  1053 | D        | Reached skill level 10 in Armour
  1053 | D        | Gained mutation: You have hoof-like feet. [demonic
                  | ancestry]
  1053 | D        | Reached XP level 11. HP: 95/95 MP: 11/11
  1098 | D        | Noticed an orc high priest
  1111 | D        | Noticed a sun demon
  1116 | D        | Killed an orc high priest
  1128 | D        | Reached skill level 17 in Long Blades
  1258 | D        | Found Zoelick's Distillery.
  1258 | D        | Noticed an orc knight
  1258 | D        | Noticed an orc knight
  1258 | D        | Noticed an orc knight
  1259 | D        | Noticed an orc knight
  1266 | D        | Killed an orc knight
  1288 | D        | Killed an orc knight
  1302 | D        | Killed an orc knight
  1321 | D        | Killed an orc knight
  1329 | D        | Noticed an orc knight
  1341 | D        | Killed an orc knight
  1434 | D        | Found Ashodaosch's Distillery.
  1438 | D        | Found Faogaiki's Food Boutique.
  1442 | D        | Found Afubot's Antique Weapon Shop.
  1446 | D        | Noticed an orc knight
  1447 | D        | Noticed an orc knight
  1455 | D        | Killed an orc knight
  1455 | D        | Reached skill level 1 in Evocations
  1462 | D        | Killed an orc knight
  1490 | D        | Bought a crystal double sword for 540 gold pieces
  1498 | D        | Bought a potion of mutation for 96 gold pieces
  1498 | D        | Bought a potion of curing for 36 gold pieces
  1498 | D        | Bought a potion of degeneration for 12 gold pieces
  1498 | D        | Bought a potion of curing for 36 gold pieces
  1498 | D        | Bought a potion of agility for 48 gold pieces
  1498 | D        | Bought a potion of heal wounds for 60 gold pieces
  1500 | D        | Bought a potion of mutation for 112 gold pieces
  1500 | D        | Bought a potion of mutation for 112 gold pieces
  1500 | D        | Bought a potion of berserk rage for 70 gold pieces
  1500 | D        | Bought a potion of heal wounds for 70 gold pieces
  1500 | D        | Bought a potion of curing for 42 gold pieces
  1500 | D        | Bought a potion of cancellation for 112 gold pieces
  1502 | D        | Bought a potion of agility for 48 gold pieces
  1502 | D        | Bought a potion of agility for 48 gold pieces
  1727 | D        | Identified the cursed +1 double sword of Equilibrium
                  | {speed, MR+ MP+9} (You bought it in a shop in the Dungeon)
  1886 | D        | Found the +7 sceptre of Torment {pain, torment}
  1953 | D        | Noticed a six-headed hydra
  1968 | D        | Killed an eight-headed hydra
  1968 | D        | Reached skill level 18 in Long Blades
  1968 | D        | Reached skill level 1 in Invocations
  1979 | D        | Noticed a tengu warrior
  1981 | D        | Noticed a vampire mage
  2003 | D        | Noticed a flayed ghost
  2009 | D        | Killed a tengu warrior
  2009 | D        | Reached XP level 12. HP: 76/105 MP: 13/13
  2026 | D        | Killed a vampire mage
  2055 | D        | Noticed a fire dragon
  2132 | D        | Killed a fire dragon
  2140 | D        | Noticed a yaktaur captain
  2141 | D        | Noticed an ogre mage
  2142 | D        | Noticed a vampire mage
  2143 | D        | Noticed a yaktaur captain
  2158 | D        | Killed a yaktaur captain
  2169 | D        | Killed an ogre mage
  2175 | D        | Killed a vampire mage
  2186 | D        | Killed a yaktaur captain
  2333 | D        | Noticed Azrael
  2348 | D        | Reached skill level 19 in Long Blades
  2363 | D        | Killed Azrael
  2523 | D        | Noticed Aizul
  2525 | D        | Noticed Maurice
  2558 | D        | Killed Aizul
  2566 | D        | Killed Maurice
  2787 | D        | Noticed a merfolk javelineer
  2787 | D        | Noticed a merfolk javelineer
  2816 | D        | Reached skill level 15 in Fighting
  2824 | D        | Noticed a merfolk avatar
  2830 | D        | Killed a merfolk javelineer
  2858 | D        | Killed a merfolk javelineer
  2858 | D        | Reached skill level 20 in Long Blades
  2883 | D        | Killed a merfolk avatar
  2883 | D        | Reached XP level 13. HP: 114/116 MP: 16/16
  2969 | D        | Noticed a thorn hunter
  2982 | D        | Killed a thorn hunter
  3024 | D        | Reached skill level 21 in Long Blades
  3183 | D        | Noticed Saint Roka
  3214 | D        | Killed Saint Roka
  3438 | D        | Noticed a cyan very ugly thing
  3438 | D        | Noticed a frost giant
  3438 | D        | Noticed a stone giant
  3438 | D        | Noticed a stone giant
  3439 | D        | Noticed a red very ugly thing
  3446 | D        | Killed a stone giant
  3447 | D        | Noticed a vampire knight
  3456 | D        | Killed a stone giant
  3462 | D        | Noticed a fire giant
  3467 | D        | Noticed a fire dragon
  3471 | D        | Killed a frost giant
  3471 | D        | Reached skill level 22 in Long Blades
  3481 | D        | Noticed a vampire knight
  3483 | D        | Killed a cyan very ugly thing
  3496 | D        | Killed a cyan very ugly thing
  3505 | D        | Noticed a fire dragon
  3516 | D        | Killed a vampire knight
  3516 | D        | Gained mutation: You have hooves in place of feet. [demonic
                  | ancestry]
  3516 | D        | Reached XP level 14. HP: 72/129 MP: 17/17
  3526 | D        | Killed a vampire knight
  3535 | D        | Killed a fire giant
  3553 | D        | Reached skill level 15 in Shields
  3567 | D        | Noticed a stone giant
  3579 | D        | Killed from afar by an ice dragon

Levels and vault maps discovered:
D:        linesprint [early_d, line_temple, items_1, d_10, items_2, lair_1,
          lair_end, items_3, orc_1, orc_end, items_4, d_15, swamp_1, shoals_1,
          snake_1, spider_1, d_20, vaults_1, items_5, swamp_end, shoals_end,
          snake_end, spider_end, vaults_end, d_27, items_6, zot_1, zot_end,
          crypt_end, forest_end, elf_end, slime_end, tomb_end, abyss_end,
          pan_hell_end]

Skill      XL: |  1  2  3  4  5  6  7  8  9 10 11 12 13 14 |
---------------+-------------------------------------------+-----
Long Blades    | 2 3 4 9 11 13 15 16 18 20 22 | 22.9
Armour         | 3 4 6 7 8 10 11 12 13 | 13.5
Shields        | 3 4 6 7 8 9 10 11 13 14 15 | 15.1
Fighting       | 4 7 8 10 11 13 15 17 18 | 18.4
Dodging        | 1 2 3 4 |  4.4
Evocations     | 1 |  1.3
Invocations    | 2 4 |  4.1
Stealth        | |  0.1

Action                   |  1- 3 |  4- 6 |  7- 9 | 10-12 | 13-15 || total
-------------------------+-------+-------+-------+-------+-------++-------
Melee: Long sword        |    33 |       |       |       |       ||    33
       Scimitar          |     4 |    11 |    75 |   204 |       ||   294
       Kick              |       |       |       |    69 |    26 ||    95
       Double sword      |       |       |       |   262 |   278 ||   540
Invok: Lesser Servant of |       |       |       |     3 |       ||     3
Evoke: Wand              |       |       |       |    10 |       ||    10
  Use: Potion            |       |       |     1 |     7 |     4 ||    12
       Scroll            |       |       |       |     1 |       ||     1
  Eat: Chunk             |       |       |       |     5 |     4 ||     9
Armor: Scale mail        |    15 |       |       |       |       ||    15
       Chain mail        |     2 |    18 |    27 |    31 |       ||    78
       Plate armour      |       |       |       |    78 |    94 ||   172
Dodge: Dodged            |    11 |       |    13 |    50 |    35 ||   109
Block: Shield            |    14 |     4 |    25 |   126 |   107 ||   276
       Rpst.: Long sword |     5 |       |       |       |       ||     5
       Scimitar          |       |       |     1 |     2 |       ||     3
       Double sword      |       |       |       |     5 |     7 ||    12
